 Dungeon Crawl Stone Soup version 0.25.1-8-g42b30a86e7 (webtiles) character file.

Game seed: 7801064315953809643

2068 hawla the Conjurer (level 9, -2/74 HPs)
             Began as a Green Draconian Conjurer on Dec 16, 2020.
             Engulfed by a cloud of freezing vapour (21 damage)
             ... on level 6 of the Dungeon.
             The game lasted 00:20:49 (9528 turns).

hawla the Conjurer (Green Draconian Conjurer)       Turns: 9528, Time: 00:20:50

Health: -2/74      AC: 10    Str: 10    XL:     9   Next: 5%
Magic:  18/18      EV: 14    Int: 19    God:
Gold:   248        SH:  0    Dex: 12    Spells: 3/20 levels left

rFire    . . .     SeeInvis .   x - +0 quarterstaff
rCold    . . .     Gourm    .   (shield currently unavailable)
rNeg     . . .     Faith    .   (armour unavailable)
rPois    +         Spirit   .   j - +1 hat
rElec    .         Reflect  .   (no cloak)
rCorr    .         Harm     .   (no gloves)
MR       +....                  o - +1 pair of boots
Stlth    ++........             (no amulet)
HPRegen  0.22/turn              s - ring of protection from magic
MPRegen  0.16/turn              a - ring of wizardry

@: slowed, very slow
A: breathe noxious fumes, unfitting armour, poison resistance, cold-blooded, AC
+7
a: Breathe Noxious Fumes


You were on level 6 of the Dungeon.
You were not hungry.

You visited 1 branch of the dungeon, and saw 7 of its levels.

You collected 248 gold pieces.

Inventory:

Hand Weapons
 x - a +0 quarterstaff (weapon)
Missiles
 q - 8 boomerangs (quivered)
Armour
 j - a +1 hat (worn)
 o - a +1 pair of boots (worn)
Jewellery
 a - a ring of wizardry (right hand)
 i - an uncursed ring of fire
 s - a ring of protection from magic (left hand)
 u - an uncursed ring of fire
 w - a cursed ring of positive energy
Wands
 l - a wand of flame (9)
Scrolls
 e - a scroll of torment {unknown}
 f - a scroll of fear
 k - 2 scrolls of amnesia
 p - 2 scrolls of teleportation
 t - a scroll of remove curse
 v - a scroll of magic mapping
Potions
 c - 3 potions of curing
 d - a potion of flight
 g - 2 potions of berserk rage
 h - a potion of stabbing
 m - a potion of might {unknown}
 n - 2 potions of brilliance {unknown}
 r - 4 potions of heal wounds {unknown}
 z - a potion of degeneration {unknown}
Comestibles
 b - 11 rations
 A - 2 chunks of flesh


   Skills:
 - Level 5.0 Fighting
 - Level 5.0 Dodging
 - Level 2.0 Stealth
 + Level 6.1 Spellcasting
 + Level 6.4 Conjurations
 + Level 4.0 Translocations
 + Level 2.3 Fire Magic


You had 3 spell levels left.
You knew the following spells:

 Your Spells              Type           Power        Failure   Level  Hunger
a - Magic Dart            Conj           ####         1%          1    None
b - Searing Ray           Conj           ####..       1%          2    None
c - Iskenderun's Mystic   Conj/Tloc      ####....     5%          4    ####...
d - Conjure Flame         Conj/Fire      ###.....     2%          3    ##.....
e - Blink                 Tloc           N/A          1%          2    None
f - Fireball              Conj/Fire      ###.......   21%         5    #####..

Your spell library contained the following spells:

 Spells                   Type           Power        Failure   Level  Hunger
 Foxfire                  Conj/Fire      ###.         1%          1    None
 Dazzling Flash           Conj/Hex       ###...       3%          3    ##.....
 Mephitic Cloud           Conj/Pois/Air  ##......     6%          3    ##.....
 Call Imp                 Summ           #.......     7%          2    None
 Slow                     Hex            #.......     7%          2    None
 Inner Flame              Hex/Fire       ##......     9%          3    ##.....
 Sticky Flame             Conj/Fire      ###.....     8%          4    ####...
 Fulminant Prism          Conj/Hex       ###.......   12%         4    ####...


Dungeon Overview and Level Annotations

Branches:
Dungeon (7/15)
 Temple: D:4-7

Altars:
Kikubaaqudgha
Nemelex Xobeh
Okawaru
Qazlal


Innate Abilities, Weirdness & Mutations

You can breathe blasts of noxious fumes.
Your lurid green scales are hard. (AC +7)
You cannot fit into any form of body armour.
Your system is resistant to poisons. (rPois)
You are cold-blooded and may be slowed by cold attacks.


Message History

Found a stone staircase leading up.
Partly explored, can't reach some places.
Partly explored, can't reach some places.
You're wearing all the rings you can.
Remove which one? (? for menu, Esc to cancel) < or
s - a ring of protection from magic > or
i - a ring of fire You remove your ring of fire.
a - a ring of wizardry (right hand) Search for what [Enter for "rmo", or ? for help]? cold You open the door.
Really walk into a travel-excluded area?
There is an open door here.
You are engulfed in freezing vapours.
You are engulfed in freezing vapours.
You feel yourself slow down.
You are engulfed in freezing vapours.
* * * LOW HITPOINT WARNING * * *
You are engulfed in freezing vapours.
You feel as though you will be slow longer.
You die...

#.....#########
#.............#
####..........#
#..........# #..........#
#####........)÷#
#..............#####
#######.....##'############
#<..........#...@°°°°°°°°○.
#######....################
#######$$$$°°°°°°°°○.
################
################


There were no monsters in sight!

Vanquished Creatures
  Sigmund (D:6)
  Duvessa (D:6)
  An orc warrior (D:6)
  2 ice beasts
  A phantom (D:6)
  2 sky beasts
  2 centaurs (D:6)
  An ogre (D:5)
  A bullfrog (D:3)
  Dowan (D:6)
  5 wights (D:6)
  2 crimson imps (D:6)
  A jelly (D:6)
  A bullfrog skeleton (D:5)
  2 orc wizards
  2 orc priests (D:6)
  A hound (D:4)
  Jessica (D:2)
  2 iguanas
  A worker ant (D:5)
  A hound skeleton (D:6)
  A howler monkey skeleton (D:4)
  5 gnolls
  10 adders
  2 shadow imps (D:6)
  An ooze (D:5)
  An adder zombie (D:4)
  3 worms
  3 dart slugs
  7 leopard geckos
  16 orcs
  2 giant cockroaches
  6 goblins
  12 hobgoblins
  10 jackals
  5 quokkas
  10 bats
  10 frilled lizards
  A jackal skeleton (D:6)
  7 kobolds
  2 leopard gecko skeletons
  6 rats
152 creatures vanquished.

Notes
Turn   | Place    | Note
-------+----------+-------------------------------------------
     0 | D:1      | hawla the Draconian Conjurer began the quest for the Orb.
     0 | D:1      | Reached XP level 1. HP: 14/14 MP: 3/3
   286 | D:1      | Reached XP level 2. HP: 20/22 MP: 1/5
   293 | D:1      | Learned a level 2 spell: Searing Ray
   393 | D:1      | Reached skill level 1 in Fighting
  1202 | D:2      | Reached XP level 3. HP: 28/28 MP: 3/6
  1735 | D:2      | Noticed Jessica
  1828 | D:2      | Killed Jessica
  1828 | D:2      | Reached XP level 4. HP: 36/36 MP: 2/8
  2585 | D:2      | Reached XP level 5. HP: 42/42 MP: 2/10
  3032 | D:2      | Learned a level 4 spell: Iskenderun's Mystic Blast
  3071 | D:2      | Found an iron altar of Okawaru.
  4350 | D:3      | Reached XP level 6. HP: 51/51 MP: 8/12
  4363 | D:3      | Reached skill level 1 in Translocations
  4621 | D:3      | Found an ancient bone altar of Kikubaaqudgha.
  5713 | D:4      | Found a stormy altar of Qazlal.
  6018 | D:4      | Found a sparkling altar of Nemelex Xobeh.
  6177 | D:5      | Entered Level 5 of the Dungeon
  6499 | D:5      | Your scales start taking on a lurid green colour.
  6499 | D:5      | Reached XP level 7. HP: 57/57 MP: 6/13
  6499 | D:5      | Gained mutation: Your system is resistant to poisons.
                  | (rPois) [Green Draconian growth]
  7322 | D:6      | Reached skill level 5 in Spellcasting
  7322 | D:6      | Reached skill level 5 in Conjurations
  7398 | D:5      | Learned a level 3 spell: Conjure Flame
  7401 | D:5      | Learned a level 2 spell: Blink
  7717 | D:6      | Reached XP level 8. HP: 67/67 MP: 9/15
  7765 | D:6      | Learned a level 5 spell: Fireball
  8011 | D:6      | Noticed Sigmund
  8013 | D:6      | Noticed Duvessa
  8015 | D:6      | Noticed Dowan
  8111 | D:6      | Killed Duvessa
  8363 | D:6      | Killed Dowan
  8364 | D:6      | Reached skill level 5 in Fighting
  8373 | D:6      | Killed Sigmund
  8757 | D:6      | Reached skill level 1 in Fire Magic
  8993 | D:6      | Reached skill level 5 in Dodging
  9190 | D:6      | Reached XP level 9. HP: 74/74 MP: 9/18
  9528 | D:6      | Engulfed by a cloud of freezing vapour

Illustrated notes

Levels and vault maps discovered:
D:1:      dpeg_arrival_signposts, layout_basic
D:2:      layout_basic, okawaru_gym_becter, first_ration,
          chequers_serial_rivers_room_a, minmay_cupped, uniq_jessica
D:3:      kennysheep_big_flooded_room, layout_basic,
          lemuel_coloured_pillars_altar
D:4:      layout_gridville, grunt_qazlal_sundering, nemelex_lonely_heart_becter
D:5:      layout_basic, amethyst_killhole
D:6:      lemuel_ice_spiral_2, layout_basic, uniq_duvessa, uniq_sigmund
D:7:      layout_loops_ring, minmay_temple_entry_fiery, basic_altar,
          serial_shops, shop, hangedman_abyss_or_decor_stabs

Skill      XL: |  1  2  3  4  5  6  7  8 |
---------------+-------------------------+-----
Stealth        | 2 |  2.0
Dodging        | 2 3 4 5 |  5.0
Fighting       | 1 2 3 4 5 |  5.0
Spellcasting   | 3 4 5 6 |  6.1
Translocations | 2 3 4 |  4.0
Conjurations   | 5 6 |  6.4
Fire Magic     | 2 |  2.3

Action                   |  1- 3 |  4- 6 |  7- 9 || total
-------------------------+-------+-------+-------++-------
Melee: Unarmed           |    22 |    16 |       ||    38
       Tailslap          |     5 |       |     2 ||     7
       Quarterstaff      |       |       |    12 ||    12
 Cast: Magic Dart        |    32 |    99 |    49 ||   180
       Searing Ray       |     8 |    55 |    46 ||   109
       Blink             |       |       |     2 ||     2
       Iskenderun's Myst |       |       |     2 ||     2
       Fireball          |       |       |     1 ||     1
  Use: Scroll            |     5 |     8 |     2 ||    15
       Potion            |       |       |     3 ||     3
 Stab: Sleeping          |       |       |     2 ||     2
       Invisible         |       |       |     1 ||     1
  Eat: Chunk             |     3 |    16 |     4 ||    23
       Ration            |       |       |     2 ||     2
Armor: Skin              |    12 |    12 |    20 ||    44
Dodge: Dodged            |    27 |    29 |    58 ||   114
